Unix NetHack Version 5.0.0-0 post-release - last build Jul 19 2026 19:10:59 (3aa4ab31751d3886436d94b585a96704892fd477,branch:main).

Game began 2026-07-25 18:54:15, ended 2026-07-25 19:02:19.

Jinnora, neutral female human Tourist

   ---------------                            -----        ----------+-----
   |%!*![+)%%%.*.|               -------     #-...|        |..............|
   |!(?*%!%!..@d.|               |.....|     #|....##      |..............|
   |?(!.?!.)(*k.@-#           ###......|     #|.F*| #      +..............|
   ---------------#           #  |......     #|{...###     --.-------------
                  #           #  -----|-    ##----- #       #######
                  #           #       ##     ###    #       ##    #
                  #           #        #       #    ##      ##    #
                  #          ##        #       #     #      ###   ###
                  #--------- #         #       #     #  -----##    -|----
                  #|.`......##         #       #     ## |....######|....|
                  #-.......|           #       #      ##|<.{|     #|....|
                   |>......|      -----|-------#       #|...|     #|...(|
                   |.{.....|      |.......(...|#       #....|######.....|
                   |.......|      |...........|#        |...|#     |....|
                   |.......|      |.........)..`   ##   -----#     |>...|
                   ---------      |...`.......|     ##########     ------
                                  -------------

Jinnora the Rambler         St:12 Dx:12 Co:17 In:10 Wi:9 Ch:15  Neutral
Dlvl:2  $:734 HP:0(10) Pw:2(2) AC:10 Xp:1/8 T:845  Hungry  

Latest messages:
 Your little dog eats an egg.
 You see here a slime mold (for sale, 45 zorkmids).
 You see here a golden potion (for sale, 133 zorkmids).
 You see here a leather armor (for sale, 7 zorkmids).
 The little dog drops a credit card.
 You see here a blue gem (for sale, 4000 zorkmids).
 You see here a scroll labeled XOR OTA (for sale, 133 zorkmids).
 The little dog picks up a purple-red potion.
 You see here a flute (for sale, 48 zorkmids).
 The little dog drops a purple-red potion.
 You see here a whistle (for sale, 13 zorkmids).
 Your little dog eats a tripe ration.
 "For you, most gracious lady; only 13 zorkmids for this whistle."
 B - a whistle (unpaid, 13 zorkmids).
 What do you want to use or apply? [jkmwyzB or ?*] B
 You produce a high whistling sound.
 What do you want to drop? [$a-zAB or ?*] B
 You drop a whistle (unpaid, 13 zorkmids).
 (For instructions type a '?')
 Move cursor to object on map (or '.' for one under you):
 Call a whistle: tin
 You stop.  Your little dog is in the way!
 You stop.  Your little dog is in the way!
 You see here a cloudy potion (for sale, 533 zorkmids).
 You see here a blue gem (for sale, 4000 zorkmids).
 You see here a food ration (for sale, 120 zorkmids).
 You see here a scroll of magic mapping (for sale, 133 zorkmids).
 The little dog picks up a brilliant blue potion.
 You see here a cloudy potion (for sale, 533 zorkmids).
 You see here a whistle called tin (for sale, 13 zorkmids).
 You stop.  Your little dog is in the way!
 You see here a scroll labeled XOR OTA (for sale, 133 zorkmids).
 You hear the footsteps of a guard on patrol.
 You see here a flute (for sale, 48 zorkmids).
 You see here a scroll labeled KERNOD WEL (for sale, 133 zorkmids).
 You see here a flute (for sale, 48 zorkmids).
 You see here a cloudy potion (for sale, 533 zorkmids).
 You stop.  Your little dog is in the way!
 You see here a scroll of magic mapping (for sale, 133 zorkmids).
 The kobold picks up a flail.
 The kobold throws a spear!
 You are hit by a spear.
 You stop.  Your little dog is in the way!
 The kobold wields a flail!
 You see here an ivory ring (for sale, 267 zorkmids).
 The kobold swings her flail.
 The kobold hits!
 You die...
 Kipawa gratefully inherits all your possessions.
 Do you want to see what you had when you died? [ynq] (y) q

Inventory:
 Coins    ('$')
  $ - 734 gold pieces
 Weapons  (')')
  a - 35 uncursed +2 darts (at the ready)
 Armor    ('[')
  i - an uncursed +0 Hawaiian shirt with a hula dancer motif (being worn)
 Comestibles  ('%')
  e - 2 uncursed slime molds
  u - 2 uncursed cram rations
  b - 11 uncursed food rations
  t - 2 uncursed melons
  v - an uncursed pear
  f - an uncursed tripe ration
  c - 2 uncursed tins of candied jackal meat
  d - an uncursed tin of smoked lichen
  s - 2 uncursed lichen corpses
 Scrolls  ('?')
  x - a cursed scroll of earth
  h - 4 uncursed scrolls of magic mapping
 Spellbooks  ('+')
  y - a blessed spellbook of charm monster
  z - an uncursed spellbook of knock
 Potions  ('!')
  r - an uncursed potion of blindness
  g - 2 uncursed potions of extra healing
  p - an uncursed potion of healing
  q - a cursed potion of invisibility
  o - an uncursed potion of oil
  A - an uncursed potion of water
 Rings    ('=')
  n - an uncursed ring of poison resistance
  l - an uncursed ring of see invisible
 Wands    ('/')
  m - an uncursed wand of undead turning (0:8)
 Tools    ('(')
  w - a cursed brass lantern
  k - an uncursed credit card
  j - an uncursed expensive camera (0:65)

Jinnora the Tourist's attributes:

Background:
 You were a Rambler, a level 1 female human Tourist.
 You were neutral, on a mission for The Lady
 who was opposed by Blind Io (lawful) and Offler (chaotic).
 You were right-handed.
 You were in the Dungeons of Doom, on level 2.
 You entered the dungeon 845 turns ago.
 You had 8 experience points, 12 more were needed to attain level 2.

Basics:
 You had 0 out of 10 hit points.
 You had both energy points (spell power).
 Your armor class was 10.
 Your wallet contained 734 zorkmids.
 Autopickup was off.

Final Characteristics:
 Your strength was 12 (limit:18/100).
 Your dexterity was 12 (limit:18).
 Your constitution was 17 (limit:18).
 Your intelligence was 10 (limit:18).
 Your wisdom was 9 (limit:18).
 Your charisma was 15 (limit:18).

Final Status:
 You were hungry.
 You were unencumbered.
 You were bare handed.
 You were unskilled in bare handed combat.

Final Attributes:
 You were nominally aligned.
 You are dead.

Miscellaneous:
 You didn't encounter any bones levels.
 Total elapsed playing time was 8 minutes and 3 seconds.

Major events:
 Turn
    1: Jinnora the neutral female human Tourist entered the dungeon
  771: entered the Gnomish Mines
  845: killed by a kobold

You didn't know any spells.

Skills:
 Fighting Skills
   bare handed combat [Unskilled]
   two weapon combat  [Unskilled]
   riding             [Unskilled]
 Weapon Skills
   dagger             [Unskilled]
   knife              [Unskilled]
   axe                [Unskilled]
   pick-axe           [Unskilled]
   short sword        [Unskilled]
   broadsword         [Unskilled]
   long sword         [Unskilled]
   two-handed sword   [Unskilled]
   saber              [Unskilled]
   mace               [Unskilled]
   morning star       [Unskilled]
   flail              [Unskilled]
   hammer             [Unskilled]
   quarterstaff       [Unskilled]
   polearms           [Unskilled]
   spear              [Unskilled]
   trident            [Unskilled]
   lance              [Unskilled]
   bow                [Unskilled]
   sling              [Unskilled]
   crossbow           [Unskilled]
   dart               [Basic]
   shuriken           [Unskilled]
   boomerang          [Unskilled]
   whip               [Unskilled]
   unicorn horn       [Unskilled]
 Spellcasting Skills
   divination spells  [Unskilled]
   enchantment spells [Unskilled]
   escape spells      [Unskilled]

Voluntary challenges:
 Character rerolling was not enabled.
 You went without food.
 You were an atheist.
 You never hit with a wielded weapon.
 You were a pacifist.
 You never genocided any monsters.
 You never polymorphed an object.
 You never changed form.
 You used no wishes.
Achievements:
 You entered the Gnomish Mines.
 You entered a shop.

 The Dungeons of Doom: levels 1 to 3
    Level 1:
       A sink.
    Level 2: <- You were here.
       A general store, many fountains.
       Stairs down to The Gnomish Mines.
       Final resting place for
          you, killed by a kobold.
    Level 3:
 The Gnomish Mines:
    Level 3:


Vanquished creatures:
  6 jackals
  a kobold
  3 goblins
  a grid bug
  2 lichens
  a kobold zombie
  3 newts
17 creatures vanquished.

No species were genocided or became extinct.

Game over:
                       ----------
                      /          \
                     /    REST    \
                    /      IN      \
                   /     PEACE      \
                  /                  \
                  |     Jinnora      |
                  |      734 Au      |
                  |   killed by a    |
                  |      kobold      |
                  |                  |
                  |                  |
                  |       2026       |
                 *|     *  *  *      | *
        _________)/\\_//(\/(/\)/\//\/|_)_______

Aloha Jinnora the Tourist...

You died in The Dungeons of Doom on dungeon level 2 with 222 points,
and 734 pieces of gold, after 845 moves.
You were level 1 with a maximum of 10 hit points when you died.

